 Dungeon Crawl Stone Soup version 0.31-a0-431-g88bdf31460 (webtiles) character file.

Game seed: 17080198705928727825

3119 arthad the Firebug (level 9, -3/53 HPs)
             Began as a Gargoyle Fire Elementalist on July 31, 2023.
             Was a Follower of Vehumet.
             Slain by a starcursed mass (5 damage)
             ... on level 1 of the Abyss.
             The game lasted 00:28:45 (9382 turns).

arthad the Firebug (Gargoyle Fire Elementalist)     Turns: 9382, Time: 00:28:45

Health: -3/53      AC: 12    Str: 18    XL:     9   Next: 91%
Magic:  18/18      EV: 12    Int: 20    God:    Vehumet [*.....]
Gold:   407        SH:  0    Dex: 10    Spells: 1/20 levels left

rFire   . . .        w - +2 hand axe (vamp)
rCold   . . .        j - +1 buckler {rPois}
rNeg    + . .        a - +0 robe
rPois   ∞            p - +0 helmet
rElec   +            (no cloak)
rCorr   .            A - +2 pair of gloves
SInv    +            (no boots)
Will    .....        x - amulet of reflection
Stlth   +            v - ring of see invisible
HPRegen 0.28/turn    z - +6 ring of strength
MPRegen 0.16/turn

%: reflection
@: confused, about to teleport, ambrosia-drunk
A: sickness immunity, AC +6, negative energy resistance 1, electricity
resistance, torment resistance 1, petrification resistance
a: Renounce Religion


You were on level 1 of the Abyss.
You worshipped Vehumet.
Vehumet was aware of your devotion.
You visited 2 branches of the dungeon, and saw 9 of its levels.
You visited the Abyss 1 time.

You collected 407 gold pieces.

Inventory:

Hand Weapons
 f - a +2 spear of flaming
 r - a +2 dagger of draining
 w - a +2 vampiric hand axe (weapon)
 H - a +2 dire flail of freezing
Missiles
 s - 11 poisoned darts
Armour
 a - a +0 robe (worn)
 j - a +1 buckler of poison resistance (worn)
 p - a +0 helmet (worn)
 A - a +2 pair of gloves (worn)
Jewellery
 c - an amulet of faith
 v - a ring of see invisible (left hand)
 x - an amulet of reflection (around neck)
 z - a +6 ring of strength (right hand)
 E - a ring of poison resistance
 I - an amulet of guardian spirit
Wands
 y - a wand of flame (20)
 F - a wand of light (4)
 M - a wand of paralysis (15)
Scrolls
 h - 5 scrolls of identify {unknown}
 i - 2 scrolls of enchant armour {unknown}
 q - a scroll of revelation
 C - a scroll of fear
 D - 2 scrolls of fog {unknown}
 J - a scroll of teleportation
 L - 4 scrolls of torment
Potions
 b - a potion of magic
 d - a potion of ambrosia
 e - a potion of berserk rage {unknown}
 g - a potion of cancellation {unknown}
 k - a potion of might {unknown}
 l - a potion of haste {unknown}
 m - 3 potions of enlightenment {unknown}
 n - a potion of degeneration {unknown}
 o - 2 potions of heal wounds {unknown}
 t - 3 potions of curing {unknown}
 u - 2 potions of invisibility {unknown}
 B - 2 potions of lignification {unknown}
 G - a potion of mutation {unknown}
 K - 2 potions of brilliance {unknown}


   Skills:
 + Level 4.8 Fighting
 + Level 4.0 Dodging
 - Level 2.4 Stealth
 + Level 4.4 Shields
 * Level 6.2 Spellcasting
 * Level 6.9 Conjurations
 * Level 6.9 Fire Magic


You had one spell level left.
You knew the following spells:

 Your Spells              Type           Power      Damage    Failure   Level
a - Foxfire               Conj/Fire      100%       2x1d9     1%          1
b - Scorch                Fire           68%        2d7       1%          2
c - Inner Flame           Hex/Fire       20%        N/A       9%          3
d - Volatile Blastmotes   Fire/Tloc      40%        2d13      9%          3
e - Flame Wave            Conj/Fire      34%        2d10      7%          4
f - Sticky Flame          Conj/Fire      34%        2d5       7%          4
g - Blink                 Tloc           12%        N/A       19%         2

Your spell library contained the following spells:

 Spells                   Type           Power      Damage    Failure   Level
 Freeze                   Ice            24%        1d4       13%         1
 Momentum Strike          Conj/Tloc      40%        3d9       4%          2
 Dazzling Flash           Conj/Hex       40%        N/A       9%          3
 Ignite Poison            Fire/Tmut/Pois 15%        N/A       14%         3
 Lesser Beckoning         Tloc           12%        N/A       19%         2
 Frozen Ramparts          Ice            12%        1d2       36%         3
 Starburst                Conj/Fire      17%        6d6       73%         6
 Petrify                  Tmut/Erth      6%         N/A       77%         4
 Metabolic Englaciation   Hex/Ice        3%         N/A       98%         5
 Ignition                 Fire           17%        3d7       100%        8
 Maxwell's Capacitive Co  Air            3%         ∞         100%        8


Dungeon Overview and Level Annotations

Branches:
Dungeon (8/15)             Temple (1/1) D:5            Lair (0/5) D:8

Altars:
Dithmenos
Elyvilon
Fedhas
Hepliaklqana
Kikubaaqudgha
Makhleb
Nemelex Xobeh
Okawaru
Qazlal
Ru
Sif Muna
Trog
Uskayaw
Vehumet
Wu Jian
Xom
Yredelemnul
Zin
The Shining One

Annotations:
D:5 3 runed translucent doors, CraigForest's ghost, novice MiGl
D:7 3 runed translucent doors, CraigForest's ghost, novice DrSh; Soraphim's ghost, novice MiFi; deremet's ghost, novice GnDe; shadowrider38's ghost, novice DgSh
D:8 Gastronok


Innate Abilities, Weirdness & Mutations

You are immune to sickness and miasma.
Your stone body is resilient. (AC +6)
You are immune to poison.
You resist negative energy. (rN+)
You are resistant to electric shocks. (rElec)
You are resistant to unholy torment.
You are immune to petrification.


Message History

Casting: Flame Wave (dangerous; 8% risk of failure)
Press: ? - help, Dir - look around, f - activate A wave of flame ripples out!
The flame wave engulfs the starcursed mass!
The starcursed mass is burned terribly!
The starcursed mass is almost destroyed. (Press . to intensify the flame waves.)
The starcursed mass shudders and is absorbed by its neighbour.
A starcursed mass splits.
A wave of flame ripples out!
The flame wave engulfs the starcursed mass!
The starcursed mass is burned terribly!
You destroy the starcursed mass!
Vehumet accepts your kill.
The flame wave engulfs the starcursed mass.
The starcursed mass is burned terribly!
The starcursed mass is almost destroyed.
The starcursed mass shudders and is absorbed by its neighbour.
You hear a hideous shriek!
A wave of flame ripples out!
The flame wave engulfs the starcursed mass!
The starcursed mass is burned terribly!
The starcursed mass is moderately damaged.
You finish channelling waves of flame.
The starcursed mass is no longer more vulnerable to fire.
A starcursed mass splits.
The starcursed mass shrieks in your mind.
* * * LOW HITPOINT WARNING * * *
You are confused.
You feel invigorated.
A starcursed mass splits.
A chorus of shrieks assaults your mind.
* * * LOW HITPOINT WARNING * * *
You feel a sense of dread.
w - a +2 vampiric hand axe (weapon)
The starcursed mass touches you but does no damage.
You bump into the stone wall.
A chorus of shrieks assaults your mind.
* * * LOW HITPOINT WARNING * * *
The starcursed mass touches you.
You die...

###
#@##
##X.#
#X###
#X
.##
...
x.##.
# ##


You could see 3 starcursed masses.

Vanquished Creatures
  A hornet (D:4)
  A small abomination (Abyss:1)
  A starcursed mass (Abyss:1)
  A water moccasin (D:6)
  An orc warrior (D:7)
  An ice beast (D:7)
  A centaur (D:7)
  2 ogres
  A phantom (D:6)
  4 necrophages (D:5)
  7 wights
  6 killer bees (D:8)
  3 howler monkeys
  A bullfrog zombie (D:5)
  6 hounds
  A human zombie (D:5)
  An orc priest (D:5)
  A gnoll bouda (D:5)
  Terence (D:2)
  3 sleepcaps
  Ijyb (D:5)
  Natasha (thrice) (D:3)
  4 iguanas
  2 orc wizards
  A scorpion zombie (D:5)
  A hound zombie (D:5)
  2 mummies (D:5)
  Robin (D:2)
  10 gnolls
  7 adders
  3 shadow imps
  2 white imps (D:6)
  An ufetubus (D:6)
  6 worms
  4 dart slugs
  12 orcs
  6 endoplasms
  A giant cockroach (D:3)
  15 goblins
  11 hobgoblins
  14 jackals
  6 kobolds
  6 quokkas
  4 ball pythons
  7 bats
  3 frilled lizards
  4 rats
  A lurking horror (Abyss:1)
182 creatures vanquished.

Vanquished Creatures (others)
  680 foxfires
680 creatures vanquished.

Grand Total: 862 creatures vanquished

Notes
Turn   | Place    | Note
-------+----------+-------------------------------------------
     0 | D:1      | arthad the Gargoyle Fire Elementalist began the quest for
                  | the Orb.
     0 | D:1      | Reached XP level 1. HP: 10/10 MP: 3/3
   135 | D:1      | Reached XP level 2. HP: 13/16 MP: 0/5
   422 | D:1      | Reached XP level 3. HP: 20/20 MP: 2/6
   983 | D:2      | Learned a level 2 spell: Scorch
   987 | D:2      | Learned a level 3 spell: Inner Flame
  1076 | D:2      | Reached skill level 1 in Fighting
  1183 | D:2      | Reached XP level 4. HP: 25/25 MP: 3/7
  1275 | D:2      | Noticed Robin
  1347 | D:2      | Killed Robin
  1810 | D:3      | Noticed Natasha
  1815 | D:3      | Killed Natasha
  1816 | D:3      | Reached XP level 5. HP: 26/29 MP: 3/9
  2170 | D:3      | Found a faded altar of an unknown god.
  2185 | D:3      | Noticed Natasha
  2189 | D:3      | Killed Natasha
  2242 | D:2      | Reached skill level 1 in Shields
  2376 | D:2      | Noticed Terence
  2388 | D:2      | Killed Terence
  2877 | D:3      | Reached XP level 6. HP: 34/34 MP: 1/10
  3149 | D:3      | Noticed Natasha
  3172 | D:3      | Killed Natasha
  3503 | D:3      | Found a glowing golden altar of the Shining One.
  4095 | D:4      | Noticed a hornet
  4106 | D:4      | Killed a hornet
  4107 | D:4      | Reached XP level 7. HP: 25/40 MP: 3/12
  4998 | D:5      | Entered Level 5 of the Dungeon
  5113 | D:5      | Found a staircase to the Ecumenical Temple.
  5265 | D:5      | Reached XP level 8. HP: 45/45 MP: 1/14
  5265 | D:5      | Found a runed translucent gate.
  5287 | D:5      | Noticed CraigForest's ghost (novice MiGl)
  5378 | D:5      | Reached skill level 5 in Fire Magic
  5591 | D:5      | Learned a level 3 spell: Volatile Blastmotes
  5596 | D:5      | Learned a level 4 spell: Flame Wave
  5618 | D:5      | Found an ancient bone altar of Kikubaaqudgha.
  6023 | D:5      | Reached skill level 5 in Conjurations
  6236 | D:5      | Found a runed translucent gate.
  6237 | D:5      | Found a runed translucent gate.
  6410 | D:5      | Noticed Ijyb
  6432 | D:5      | Killed Ijyb
  6433 | D:5      | Reached skill level 5 in Spellcasting
  6601 | Temple   | Entered the Ecumenical Temple
  6608 | Temple   | Became a worshipper of Vehumet
  6920 | D:6      | Reached XP level 9. HP: 52/52 MP: 9/16
  8329 | D:7      | Learned a level 4 spell: Sticky Flame
  8332 | D:7      | Learned a level 2 spell: Blink
  8333 | D:7      | Found a runed translucent gate.
  8333 | D:7      | Found a runed translucent gate.
  8335 | D:7      | Found a runed translucent gate.
  8338 | D:7      | Noticed shadowrider38's ghost (novice DgSh)
  8338 | D:7      | Noticed CraigForest's ghost (novice DrSh)
  8341 | D:7      | Noticed Soraphim's ghost (novice MiFi)
  8846 | D:7      | Noticed deremet's ghost (novice GnDe)
  8988 | D:8      | Found a staircase to the Lair.
  9115 | D:8      | Reached * piety under Vehumet
  9115 | D:8      | Offered knowledge of Freeze by Vehumet.
  9144 | D:8      | Noticed Gastronok
  9202 | Abyss:1  | Cast into level 1 of the Abyss (gnoll sergeant)
  9265 | Abyss:1  | Noticed a wretched star
  9282 | Abyss:1  | Noticed a sun demon
  9339 | Abyss:1  | Found a corrupted altar of Lugonu.
  9349 | Abyss:1  | Noticed a starcursed mass
  9377 | Abyss:1  | Killed a starcursed mass
  9379 | Abyss:1  | HP: 2/53 [starcursed mass/accursed screaming (6)]
  9382 | Abyss:1  | Slain by a starcursed mass

Illustrated notes

Levels and vault maps discovered:
D:1:      dpeg_arrival_leaves_temple_mockup, layout_rooms
D:2:      layout_basic, uniq_robin, uniq_terence
D:3:      layout_loops_ring, mainiacjoe_overflow_alcove_2,
          ebering_ecumenical_altar_box, minmay_quadrilaterals, uniq_natasha
D:4:      layout_loops_ring
D:5:      layout_basic, lemuel_mausoleum_altar_kikubaaqudgha,
          minmay_temple_entry_mist, gammafunk_ghost_split, hex_medium,
          minivault_24, uniq_ijyb
D:6:      layout_cave_pods
D:7:      layout_basic, gammafunk_ghost_cemetery, minmay_misc_feat_hallway
D:8:      layout_rooms, evilmike_ruin_ashenzari, lair_entry_dummy,
          uniq_gastronok
Temple:   nicolae_temple_bog_church
Abyss:1:  base:
D:6

Skill      XL: |  1  2  3  4  5  6  7  8  9 |
---------------+----------------------------+-----
Conjurations   | 2 3 4 5 6 |  6.9
Fighting       | 1 2 3 4 |  4.8
Dodging        | 2 3 4 |  4.0
Spellcasting   | 3 4 5 6 |  6.2
Shields        | 1 2 3 4 |  4.4
Fire Magic     | 4 5 6 |  6.9
Stealth        | |  2.4

Action                     |  1- 3 |  4- 6 |  7- 9 || total
---------------------------+-------+-------+-------++-------
  Melee: Unarmed           |    50 |    26 |       ||    76
         Punch             |     2 |       |       ||     2
         Dagger            |       |       |     6 ||     6
   Cast: Foxfire           |    64 |   133 |   194 ||   391
         Scorch            |       |    18 |    60 ||    78
         Flame Wave        |       |       |     9 ||     9
  Evoke: Wand              |       |       |     4 ||     4
    Use: Potion            |       |     1 |     2 ||     3
         Scroll            |       |     3 |     3 ||     6
 Armour: Robe              |    29 |    12 |    33 ||    74
  Dodge: Dodged            |    56 |    26 |    44 ||   126
  Block: Buckler           |     1 |    16 |    54 ||    71

Table legend: (Time is in decaauts)
 A = Elapsed time spent in this place.
 B = Non-inter-level travel time spent in this place.
 C = Inter-level travel time spent in this place.
 D = Time resting spent in this place.
 E = Time spent auto-exploring this place.
 F = Levels seen in this place.
 G = Mean time per level.
                   A        B        C        D        E       F      G
               +--------+--------+--------+--------+--------+-----+--------+
         Total |   9385 |   9142 |    243 |    162 |   7575 |  10 |  938.5 |
       Dungeon |   9191 |   8960 |    231 |    159 |   7513 |   8 | 1148.9 |
        Temple |     14 |      2 |     12 |      0 |      0 |   1 |   14.0 |
         Abyss |    179 |    179 |      0 |      3 |     62 |   1 |  179.0 |
               +--------+--------+--------+--------+--------+-----+--------+

Top non-repeatable levels by time:
     D:5: 1689 daAuts
     D:3: 1436 daAuts
     D:4: 1383 daAuts
     D:2: 1295 daAuts
     D:6: 1261 daAuts
     D:7: 1066 daAuts
     D:1: 883 daAuts
 Abyss:1: 179 daAuts
     D:8: 174 daAuts
  Temple: 14 daAuts
